 Dungeon Crawl Stone Soup version 0.27.1-1-g398f81649c (webtiles) character file.

Game seed: 14011368912984004893

2682 nxtlvl the Cleaver (level 9, -19/118 HPs)
             Began as a White Draconian Berserker on Sept 21, 2021.
             Was a Priest of Trog.
             Demolished by a death yak (26 damage)
             ... on level 8 of the Dungeon.
             The game lasted 00:16:57 (1804 turns).

nxtlvl the Cleaver (White Draconian Berserker)      Turns: 1804, Time: 00:16:57

Health: -19/118    AC:  9    Str: 29    XL:     9   Next: 37%
Magic:  9/9        EV: 11    Int:  8    God:    Trog [***...]
Gold:   173        SH:  3    Dex: 12    Spells: 8/8 levels left

rFire    + . .     SeeInvis .   a - +1 hand axe (elec)
rCold    + + .     Faith    .   t - +0 buckler
rNeg     . . .     Spirit   .   (armour unavailable)
rPois    .         Reflect  .   (helmet restricted)
rElec    .         Harm     .   k - +0 cloak
rCorr    .         Rampage  .   (no gloves)
Will     .....                  j - +0 pair of boots
Stlth    ..........             (no amulet)
HPRegen  0.29/turn              s - ring of Accord {rF+ Str+8}
MPRegen  0.11/turn              A - ring of protection from cold

@: berserking, very quick
A: breathe frost, AC +7, unfitting armour, cold resistance 1, cold-blooded
a: Breathe Frost, Renounce Religion, Berserk, Trog's Hand


You were on level 8 of the Dungeon.
You worshipped Trog.
Trog was most pleased with you.
You visited 1 branch of the dungeon, and saw 8 of its levels.

You collected 173 gold pieces.

Inventory:

Hand Weapons
 a - a +1 hand axe of electrocution (weapon)
 d - a +0 hunting sling
 v - a +0 shortbow
Missiles
 c - 20 poisoned darts (quivered)
 w - 25 arrows
Armour
 j - a +0 pair of boots (worn)
 k - a +0 cloak (worn)
 t - a +0 buckler (worn)
 z - a +0 kite shield
Jewellery
 s - the ring of Accord (left hand) {rF+ Str+8}
   (You found it on level 5 of the Dungeon)

   [ring of protection from fire]

   Str:       It affects your strength (+8).
   rF:        It protects you from fire.
 A - a ring of protection from cold (right hand)
Wands
 h - a wand of iceblast (5)
 l - a wand of paralysis (3)
Scrolls
 b - 2 scrolls of identify {unknown}
 e - a scroll of magic mapping {unknown}
 f - 2 scrolls of blinking {unknown}
 i - a scroll of fear {unknown}
 m - a scroll of brand weapon {unknown}
 q - 2 scrolls of fog {unknown}
 u - 3 scrolls of teleportation {unknown}
 y - a scroll of immolation {unknown}
 C - a scroll of noise {unknown}
Potions
 g - a potion of lignification
 p - a potion of brilliance
 r - a potion of degeneration {unknown}
 x - a potion of invisibility
 B - a potion of might {unknown}


   Skills:
 + Level 7.3 Fighting
 * Level 11.6 Axes
 - Level 2.6 Dodging


You had 8 spell levels left.
You didn't know any spells.
Your spell library contained the following spells:

 Spells                   Type           Power      Damage    Failure   Level
 Inner Flame              Hex/Fire       0%         N/A       91%         3
 Cause Fear               Hex            0%         N/A       100%        4
 Dragon Form              Tmut           0%         N/A       100%        7
 Discord                  Hex            0%         N/A       100%        8
 Dragon's Call            Summ           0%         N/A       100%        9


Dungeon Overview and Level Annotations

Branches:
Dungeon (8/15)             Temple (0/1) D:4            Lair (0/6) D:8

Altars:
Ashenzari
Elyvilon
Hepliaklqana
Ru
Uskayaw
Vehumet
Zin


Innate Abilities, Weirdness & Mutations

You can breathe waves of freezing cold which knock back foes.
Your icy white scales are hard. (AC +7)
You cannot fit into any form of body armour.
Your flesh is cold resistant. (rC+)
You are cold-blooded and may be slowed by cold attacks.


Message History

The death yak gores you!
* * * LOW HITPOINT WARNING * * *
Your skin crawls.
You feel strong-willed. The death yak gores you!
* * * LOW HITPOINT WARNING * * *
You recover from your berserk rage.
You feel the effects of Trog's Hand fading.
Your skin stops crawling.
You feel less strong-willed.
A red film seems to cover your vision as you go berserk!
You feel yourself moving faster!
You feel mighty!
The death yak gores you but does no damage.
You hit the death yak but do no damage.
Lightning courses through the death yak!
The death yak is moderately wounded.
You slice the death yak!!
The death yak is heavily wounded.
You closely miss the quokka. The death yak gores you!!
* * * LOW HITPOINT WARNING * * *
You hit the death yak.
Lightning courses through the death yak!
Your tail-slap misses the death yak.
The death yak is almost dead.
You barely miss the quokka. You hit the death yak.
Your tail-slap misses the death yak.
The death yak is almost dead.
You hit the quokka. Lightning courses through the quokka!
You kill the quokka!
Trog accepts your kill.
You hit the quokka. The death yak gores you!
* * * LOW HITPOINT WARNING * * *
You barely miss the death yak.
The death yak is almost dead.
You slash the quokka! Lightning courses through the quokka!!
You kill the quokka!
Trog accepts your kill.
You hit the death yak but do no damage.
The death yak is almost dead.
The death yak gores you!!
You die...

.
#.#.#.#.##........
#.#.#r#.##........
#.#.#r#.##........
##.#.#.#.#####.....
#..#.#r#..#.#......
#.##.#.##...#.....#
#[##.#r##...'.....#
#....#.'....#.....#
##@Y###.....#.....#
#††r.r######.....#
####### #######


You could see a death yak and 2 hell rats.

Vanquished Creatures
  2 death yaks (D:8)
  A wyvern (D:7)
  A steam dragon (D:7)
  An orc warrior (D:8)
  A necrophage (D:4)
  An ogre (D:5)
  2 centaurs
  A phantom (D:4)
  A gnoll sergeant (D:8)
  3 water moccasin skeletons
  2 centaur zombies
  A centaur skeleton (D:5)
  2 orc priests
  A bullfrog skeleton (D:5)
  An iguana (D:4)
  A scorpion zombie (D:4)
  An orc wizard (D:4)
  Natasha (D:3)
  A hound skeleton (D:4)
  3 hound zombies (D:4)
  7 adders
  3 gnolls (D:8)
  A white imp (D:7)
  2 adder zombies (D:4)
  An adder skeleton (D:4)
  A worm (D:4)
  A dart slug (D:3)
  12 orcs
  4 ball pythons
  A bat (D:3)
  An endoplasm (D:3)
  6 goblins
  4 hobgoblins
  A jackal (D:4)
  6 quokkas
  7 kobolds
  A rat (D:3)
87 creatures vanquished.

Vanquished Creatures (others)
  2 withered plants (D:4)
2 creatures vanquished.

Grand Total: 89 creatures vanquished

Notes
Turn   | Place    | Note
-------+----------+-------------------------------------------
     0 | D:1      | nxtlvl the Draconian Berserker began the quest for the Orb.
     0 | D:1      | Reached XP level 1. HP: 19/19 MP: 1/1
    77 | D:2      | Reached XP level 2. HP: 26/26 MP: 2/2
   187 | D:3      | Reached skill level 4 in Axes
   279 | D:3      | Reached XP level 3. HP: 27/31 MP: 3/3
   381 | D:3      | Found a white marble altar of Elyvilon.
   434 | D:3      | Found a radiant altar of Vehumet.
   478 | D:3      | Noticed Natasha
   487 | D:3      | Killed Natasha
   488 | D:3      | Reached skill level 5 in Axes
   488 | D:3      | Reached XP level 4. HP: 36/38 MP: 4/4
   557 | D:4      | Reached ** piety under Trog
   589 | D:4      | Found a staircase to the Ecumenical Temple.
   611 | D:4      | Found a sacrificial altar of Ru.
   702 | D:4      | Reached XP level 5. HP: 45/45 MP: 5/5
   731 | D:4      | Reached skill level 6 in Axes
   744 | D:4      | Reached XP level 6. HP: 22/51 MP: 6/6
   766 | D:4      | Reached skill level 7 in Axes
   887 | D:4      | Reached skill level 8 in Axes
   887 | D:4      | Your scales start taking on an icy white colour.
   887 | D:4      | Reached XP level 7. HP: 36/57 MP: 7/7
   887 | D:4      | Gained mutation: Your flesh is cold resistant. (rC+) [White
                  | Draconian growth]
   946 | D:4      | Found a hide-covered altar of Uskayaw.
   960 | D:5      | Entered Level 5 of the Dungeon
   981 | D:5      | Identified the ring of Accord {rF+ Str+8}
  1035 | D:5      | Reached *** piety under Trog
  1116 | D:5      | Reached skill level 9 in Axes
  1202 | D:5      | Found a glowing silver altar of Zin.
  1230 | D:7      | Noticed a steam dragon
  1231 | D:7      | Noticed a wyvern
  1240 | D:7      | Killed a wyvern
  1241 | D:7      | Reached XP level 8. HP: 67/67 MP: 8/8
  1246 | D:7      | Reached skill level 5 in Fighting
  1470 | D:8      | Reached skill level 10 in Axes
  1477 | D:8      | Found a hazy altar of Hepliaklqana.
  1488 | D:8      | Found a broken altar of Ashenzari.
  1705 | D:8      | Noticed a death yak
  1706 | D:8      | Found a staircase to the Lair.
  1706 | D:8      | Noticed a death yak
  1707 | D:8      | Noticed a death yak
  1726 | D:8      | Killed a death yak
  1727 | D:8      | Reached skill level 11 in Axes
  1727 | D:8      | Reached XP level 9. HP: 78/78 MP: 9/9
  1733 | D:8      | Killed a death yak
  1741 | D:8      | HP: 5/118 [death yak (8)]
  1804 | D:8      | Demolished by a death yak

Illustrated notes

Levels and vault maps discovered:
D:1:      minmay_arrival_three_doors, layout_loops_ring,
          chequers_ecumenical_altar_island
D:2:      layout_basic
D:3:      layout_loops_ring, elyvilon_altar_5, vehumet_crystals, st_stairs_13,
          uniq_natasha
D:4:      layout_basic, kennysheep_little_box,
          nicolae_ru_great_annihilating_truth, minmay_temple_entry_tees,
          serial_undead, serial_undead_e, serial_undead_f, serial_undead_b,
          serial_undead_d, enter_ossuary_2
D:5:      layout_cave_pods, zin_treasury, minivault_23
D:6:      old_forge, layout_rooms, kennysheep_mini_moat, columned_hall_lemuel,
          uniq_eustachio
D:7:      layout_cave_pods, lemuel_coloured_pillars_altar, serial_shops, shop
D:8:      layout_gridville, overflow_temple_1_default,
          grunt_temple_overflow_open, dpeg_lair_monsters,
          serial_co_window_serial, co_window_paths_a, co_window_cross_1,
          co_window_paths_a, co_window_paths_b, co_window_paths_a,
          co_window_of_opportunity_a, co_window_of_opportunity_a,
          co_window_2corner, co_window_broadway_a, co_window_corner_ca,
          co_window_paths_d, glass_columns_c, uniq_joseph, uniq_maurice

Skill      XL: |  1  2  3  4  5  6  7  8  9 |
---------------+----------------------------+-----
Axes           | 4 5 6 8 9 11 | 11.6
Fighting       | 4 6 7 |  7.3
Dodging        | |  2.6

Action                   |  1- 3 |  4- 6 |  7- 9 || total
-------------------------+-------+-------+-------++-------
Melee: War axe           |    46 |    14 |       ||    60
       Hand axe          |     5 |    84 |   116 ||   205
       Tailslap          |     3 |    17 |    20 ||    40
Invok: Berserk           |     4 |     3 |     6 ||    13
       Trog's Hand       |       |     1 |     2 ||     3
 Abil: Breathe Frost     |       |       |     2 ||     2
  Use: Potion            |       |       |     5 ||     5
 Stab: Paralysed         |       |     1 |       ||     1
       Sleeping          |       |     1 |       ||     1
Armor: Skin              |    12 |    38 |    26 ||    76
Dodge: Dodged            |    32 |    46 |    61 ||   139
Block: Buckler           |       |       |     5 ||     5
